 Dungeon Crawl Stone Soup version 0.31-a0-1405-g2bb1a01664 (webtiles) character file.

Game seed: 11701269030193537656

1 Chqr the Magician (level 1, -1/10 HPs)
             Began as a Deep Elf Air Elementalist on Dec 25, 2023.
             Slain by a quokka (3 damage)
             ... on level 1 of the Dungeon.
             The game lasted 00:02:39 (70 turns).

Chqr the Magician (Deep Elf Air Elementalist)         Turns: 70, Time: 00:02:39

Health: -1/10      AC:  2    Str:  5    XL:     1   Next: 16%
Magic:  6/6        EV: 12    Int: 19    God:
Gold:   0          SH:  0    Dex: 15    Spells: 5/6 levels left

rFire   . . .        (no weapon)
rCold   . . .        (no shield)
rNeg    . . .        a - +0 robe
rPois   .            (no helmet)
rElec   .            (no cloak)
rCorr   .            (no gloves)
SInv    .            (no boots)
Will    .....        (no amulet)
Stlth   ++           (no ring)
HPRegen 0.21/turn    (no ring)
MPRegen 0.10/turn

%: no passive effects
@: no status effects
A: no striking features
a: no special abilities


You were on level 1 of the Dungeon.
You visited 1 branch of the dungeon, and saw 1 of its levels.

Inventory:

Armour
 a - a +0 robe (worn)
Potions
 b - a potion of magic


   Skills:
 + Level 2.4 Dodging
 + Level 2.4 Stealth
 + Level 3.1 Spellcasting
 + Level 1.1 Conjurations
 + Level 3.0 Air Magic


You had 5 spell levels left.
You knew the following spells:

 Your Spells              Type           Power      Damage    Failure   Level
a - Shock                 Conj/Air       40%        1d5       6%          1

Your spell library contained the following spells:

 Spells                   Type           Power      Damage    Failure   Level
 Static Discharge         Conj/Air       20%        3-4/arc   10%         2
 Swiftness                Air            14%        N/A       13%         3
 Airstrike                Air            7%         2d(1-17)  41%         4


Dungeon Overview and Level Annotations

Branches:
Dungeon (1/15)

Altars:


Message History

You hit the hobgoblin.
You kill the hobgoblin!
HP restored.
You open the door.
There is an open door here.
As you open the door, it creaks loudly!
A bat comes into view.
Found a yellow potion.
A quokka comes into view.
The bat misses you.
There is an open door here.
You hit the bat.
The bat is moderately wounded.
The bat closely misses you. The bat hits you but does no damage.
The bat closely misses you. The bat barely misses you.
The bat barely misses you. The quokka closely misses you.
You hit the quokka but do no damage. The quokka misses you.
You hit the quokka but do no damage. The quokka barely misses you.
You barely miss the quokka. The quokka bites you.
You miss the quokka. The quokka bites you. The quokka misses you.
The quokka bites you.
* * * LOW HITPOINT WARNING * * *
You open the door. The quokka closely misses you.
There is an open door here.
The quokka attacks as it pursues you! The quokka bites you.
* * * LOW HITPOINT WARNING * * *
The quokka closely misses you.
A hobgoblin comes into view.
The quokka attacks as it pursues you! The quokka barely misses you.
A ball python and a frilled lizard come into view.
The bat hits you.
* * * LOW HITPOINT WARNING * * *
Found a dagger.
The bat hits you but does no damage.
Found a scroll labelled OSAOKHLE FIUZE.
The ball python hisses angrily.
The quokka attacks as it pursues you! The quokka bites you.
You die...

##........#.##......
###...####'####...#
##### #.#..# ###
#....# ##...# ##..#
#..# .######rb#
...)...@g#
.#.............
...........?...
##.............
#.............
.l..S.....####.
##........#
...~~~.~.#


You could see a quokka, a hobgoblin, a bat, a ball python and a frilled lizard
(wandering).

Vanquished Creatures
  A hobgoblin (D:1)
1 creature vanquished.

Notes
Turn   | Place    | Note
-------+----------+-------------------------------------------
     0 | D:1      | Chqr the Deep Elf Air Elementalist began the quest for the
                  | Orb.
     0 | D:1      | Reached XP level 1. HP: 10/10 MP: 6/6
    70 | D:1      | Slain by a quokka

Illustrated notes

Levels and vault maps discovered:
D:1:      dpeg_arrival_three_smaller_balls, layout_basic,
          dreamdust_ecumenical_altar_drowned_temple, hex_tiny

Action                     || total
---------------------------++-------
  Melee: Unarmed           ||    16
 Armour: Robe              ||    11
  Dodge: Dodged            ||    19

Table legend: (Time is in decaauts)
 A = Elapsed time spent in this place.
 B = Non-inter-level travel time spent in this place.
 C = Inter-level travel time spent in this place.
 D = Time resting spent in this place.
 E = Time spent auto-exploring this place.
 F = Levels seen in this place.
 G = Mean time per level.
                   A        B        C        D        E       F      G
               +--------+--------+--------+--------+--------+-----+--------+
         Total |     70 |     40 |     30 |      0 |      0 |   1 |   70.0 |
       Dungeon |     70 |     40 |     30 |      0 |      0 |   1 |   70.0 |
               +--------+--------+--------+--------+--------+-----+--------+

Top non-repeatable levels by time:
     D:1: 70 daAuts
